cohdb
Replays
Latest Replays
All Replays
Popular Replays
Top Player Replays
Match Explorer
How It Works
Community
CoH3 Stats
Reddit
Sign in to upload your games and track your stats! →
Sign in with Steam
Match 41032830
Unlisted
Match 41032830
Overview
Messages
Build Orders
End
Selects Armored Battlegroup
Construct Barracks
Selects Veteran Crews
1⁄4-ton 4x4 Truck
Riflemen Squad
Riflemen Squad
Riflemen Squad
Infantry Support Center
M1 Mortar Team
Construct Medical Station
Construct Weapon Support Center
Selects Strength in Steel
M3 Armored Personnel Carrier
M1918 Browning Automatic Rifles
Riflemen Squad
Advanced Logistics
Bazooka Squad
Grenade Package
Selects M8 Scott SPG
M8 Scott SPG
Engineer Squad
只愛❤毛妹
Jeiseun
0
0
Comments
sign in to comment!
No comments posted yet!